 Dungeon Crawl Stone Soup version 0.24.0-13-gcf9b319 (webtiles) character file.

Game seed: 5684706501413313867, levelgen mode: deterministic

74 Fang the Skirmisher (level 4, -11/29 HPs)
             Began as a Gargoyle Fighter on Dec 9, 2019.
             Killed by divine providence
             ... invoked by an orc priest
              (13 damage)
             ... on level 3 of the Dungeon.
             The game lasted 00:01:35 (1360 turns).

Fang the Skirmisher (Gargoyle Fighter)              Turns: 1360, Time: 00:01:36

Health: -11/29     AC: 10    Str: 20    XL:     4   Next: 28%
Magic:  4/4        EV:  7    Int:  9    God:
Gold:   78         SH:  0    Dex:  9    Spells: 3/3 levels left

rFire    . . .     SeeInvis .   a - +0 war axe
rCold    . . .     Gourm    .   c - +0 shield
rNeg     + . .     Faith    .   b - +0 scale mail
rPois    ∞         Spirit   .   (no helmet)
rElec    +         Reflect  .   (no cloak)
rCorr    .         Harm     .   (no gloves)
MR       .....                  (no boots)
Stlth    ..........             (no amulet)
HPRegen  0.09/turn              (no ring)
MPRegen  0.09/turn              l - ring of flight

@: confused
A: negative energy resistance 1, electricity resistance, unbreathing,
petrification resistance, rot immunity, AC +3
a: Evoke Flight


You were on level 3 of the Dungeon.
You were not hungry.

You visited 1 branch of the dungeon, and saw 3 of its levels.

You collected 78 gold pieces.

Inventory:

Hand Weapons
 a - a +0 war axe (weapon)
Armour
 b - a +0 scale mail (worn)
 c - a +0 shield (worn)
Jewellery
 l - a ring of flight (right hand)
Scrolls
 e - 4 scrolls of identify {unknown}
 i - a scroll of amnesia {unknown}
 j - 2 scrolls of remove curse {unknown}
 n - 2 scrolls of random uselessness {unknown}
 p - a scroll of blinking {unknown}
 q - a scroll of fear {unknown}
Potions
 d - a potion of might
 g - 3 potions of heal wounds {unknown}
 k - 2 potions of haste {unknown}
 m - a potion of curing {unknown}
 o - a potion of mutation {unknown}
Comestibles
 f - 6 rations
 h - 8 chunks of flesh


   Skills:
 + Level 3.9 Fighting
 + Level 2.5 Axes
 + Level 3.9 Armour
 + Level 3.9 Shields


You had 3 spell levels left.
You didn't know any spells.
Your spell library was empty.

Dungeon Overview and Level Annotations

Branches:
Dungeon (3/15)

Altars:


Innate Abilities, Weirdness & Mutations

You are resistant to torment.
Your stone body is resilient. (AC +3)
You are immune to poison.
You resist negative energy. (rN+)
You are resistant to electric shocks. (rElec)
You can survive without breathing.
You are immune to petrification.
You are immune to rotting.


Message History

You block the orc's attack.
The orc wizard gestures at you while chanting.
You are confused.
The orc priest calls down the wrath of Beogh upon you.
Beogh smites you!
* * * LOW HITPOINT WARNING * * *
You are too injured to fight recklessly!
You are too injured to fight recklessly!
You are too injured to fight recklessly!
You are too injured to fight recklessly!
You are too injured to fight recklessly!
You are too injured to fight recklessly!
You are too injured to fight recklessly!
You are too injured to fight recklessly!
You are too injured to fight recklessly!
You are too injured to fight recklessly!
You're too confused to move!
The orc barely misses you.
The orc priest calls down the wrath of Beogh upon you.
Beogh smites you!
You die...

.... . ...# ##.
...# ..### ...###
#o.. ......
##.o#####...#.##
#...o...........
#..o@..?.....:
##......>.....
#..####.......
#..#..## ...#...
##.#...##...#### .
#....#..... .
#........... ##.
#...........
...#..###...≈....≈.


You could see an orc priest, an orc wizard and 2 orcs.

Vanquished Creatures
  An adder (D:2)
  An ooze (D:2)
  3 worms
  2 dart slugs
  2 leopard geckos
  6 bats
  2 giant cockroaches
  4 goblins (D:1)
  4 hobgoblins
  5 jackals
  2 frilled lizards
  9 kobolds
  4 rats
45 creatures vanquished.

Notes
Turn   | Place    | Note
-------+----------+-------------------------------------------
     0 | D:1      | Fang the Gargoyle Fighter began the quest for the Orb.
     0 | D:1      | Reached XP level 1. HP: 14/14 MP: 1/1
    84 | D:1      | Reached XP level 2. HP: 17/19 MP: 2/2
   261 | D:1      | Reached XP level 3. HP: 22/23 MP: 3/3
  1203 | D:2      | Reached XP level 4. HP: 25/29 MP: 4/4
  1299 | D:3      | Found a faded altar of an unknown god.
  1360 | D:3      | Killed from afar by an orc priest

Levels and vault maps discovered:
D:1:      lightli_arrival_statue_moat, layout_basic
D:2:      layout_loops_ring, minmay_misc_feat_tower
D:3:      layout_loops_cross, okawaru_trees_1, chequers_ecumenical_altar_island,
          first_ration, minmay_misc_feat_five, skrybe_limestone_x,
          grunt_ministairs_9, kennysheep_doodads

Skill      XL: |  1  2 |
---------------+-------+-----
Axes           | 2 |  2.5
Fighting       | |  3.9
Armour         | |  3.9
Shields        | |  3.9

Action                   |  1- 3 |  4- 6 || total
-------------------------+-------+-------++-------
Melee: War axe           |   133 |    41 ||   174
  Eat: Chunk             |     1 |     1 ||     2
Armor: Scale mail        |    90 |    23 ||   113
Dodge: Dodged            |    48 |    13 ||    61
Block: Shield            |    81 |    17 ||    98
